 Dungeon Crawl Stone Soup version 0.32-a0-13-gbaedc5810e (webtiles) character file.

Game seed: 18427096129511417902

115 Malachi the Trooper (level 5, -1/57 HPs)
             Began as an Oni Berserker on Jan 15, 2024.
             Was a Believer of Trog.
             Succumbed to an orc wizard's poison
             ... on level 3 of the Dungeon.
             The game lasted 00:02:34 (1875 turns).

Malachi the Trooper (Oni Berserker)                 Turns: 1875, Time: 00:02:34

Health: -1/57      AC: 10    Str: 29    XL:     5   Next: 0%
Magic:  5/5        EV: 15    Int:  8    God:    Trog [**....]
Gold:   118        SH:  0    Dex:  8    Spells: 4/4 levels left

rFire   . . .        q - +2 flail (protect)
rCold   . . .        (no shield)
rNeg    . . .        b - +0 animal skin
rPois   .            (helmet restricted)
rElec   .            (no cloak)
rCorr   .            (gloves unavailable)
SInv    .            (boots unavailable)
Will    .....        (no amulet)
Stlth   +            o - +6 ring of strength
HPRegen 0.29/turn    f - +5 ring of evasion
MPRegen 0.09/turn

%: no passive effects
@: lethally poisoned (-1 -> -10), under a protective aura
A: large, unfitting armour, horns 1, tough skin 1, double potion healing,
drunken brawling
a: Renounce Religion, Berserk, Trog's Hand


You were on level 3 of the Dungeon.
You worshipped Trog.
Trog was pleased with you.
You visited 1 branch of the dungeon, and saw 3 of its levels.

You collected 118 gold pieces.

Inventory:

Hand Weapons
 a - a +0 mace
 e - a +2 spear of venom
 q - a +2 flail of protection (weapon)
Missiles
 l - 6 javelins
 n - 12 large rocks (quivered)
 r - 2 throwing nets
Armour
 b - a +0 animal skin (worn)
Jewellery
 f - a +5 ring of evasion (right hand)
 o - a +6 ring of strength (left hand)
 p - the ring of the Sky {rC- rCorr Str+3 Int+6 Dex-3 SInv}
   (You found it on level 3 of the Dungeon)

   [ring of see invisible]

   Str+3:     It affects your strength (+3).
   Int+6:     It affects your intelligence (+6).
   Dex-3:     It affects your dexterity (-3).
   rC-:       It makes you vulnerable to cold.
   SInv:      It lets you see invisible.
   rCorr:     It protects you from acid and corrosion.
Scrolls
 i - a scroll of acquirement {unknown}
 j - a scroll of blinking {unknown}
Potions
 g - a potion of curing {unknown}
 h - a potion of might {unknown}
 k - a potion of degeneration {unknown}
 m - a potion of berserk rage {unknown}


   Skills:
 + Level 5.4 Fighting
 + Level 3.9 Maces & Flails
 + Level 3.5 Dodging


You had 4 spell levels left.
You didn't know any spells.
Your spell library was empty.

Dungeon Overview and Level Annotations

Branches:
Dungeon (3/15)

Altars:


Innate Abilities, Weirdness & Mutations

You are too large for most types of armour.
You have a pair of small horns on your head.
You have tough skin. (AC +1)
You gain doubled healing and magic from potions.
Whenever you drink a healing potion, you attack all around you.


Message History

You hit the orc.
Your weapon exudes an aura of protection.
You punch the orc, but do no damage.
The orc is moderately wounded.
You feel sick. The orc wizard barely misses you. The orc barely misses you.
You barely miss the orc.
The orc is moderately wounded.
You feel sick.
The orc wizard hits you with a +3 dagger of venom.
You are more poisoned.
The orc hits you but does no damage.
You closely miss the orc. You headbutt the orc.
You kill the orc!
Trog accepts your kill.
You feel very sick. The orc wizard barely misses you.
You feel sick. The dart slug launches a dart at you. The slug dart misses you.
You feel sick.
You hit the orc wizard.
Your weapon exudes an aura of protection.
Your headbutt misses the orc wizard.
The orc wizard is almost dead.
You feel sick.
The orc wizard hits you with a +3 dagger of venom.
* * * LOW HITPOINT WARNING * * *
The orc wizard hits you but does no damage.
You are lethally poisoned!
You take a swig of the potion and twirl your +2 flail of protection.
You sock the orc wizard!
You kill the orc wizard!
Trog accepts your kill.
Trog appreciates your killing of a magic user.
It was a potion of magic.
Magic courses through your body.
* * * LOW HITPOINT WARNING * * *
You feel very sick.
You have reached level 5!
It was a potion of cancellation.
You feel magically purged.
You die...

#.......# #)#
##.......## #+#
#.........# ..
#.........# ...
#.........# ....
#.###...#.##.....
#. #......)'.....
#.<..#w##.....
#)#.##@# ....
#.####.# . .
#...........
####..#####. #..#
.# #..# # #...
##.# .#


You could see a dart slug.

Vanquished Creatures
  An orc wizard (D:3)
  A gnoll (D:3)
  2 adders
  A dart slug (D:1)
  A ribbon worm (D:2)
  5 orcs (D:3)
  3 ball pythons
  4 endoplasms (D:1)
  4 goblins
  9 hobgoblins
  3 jackals (D:1)
  7 bats
  4 frilled lizards
  2 kobolds
  6 rats
53 creatures vanquished.

Notes
Turn   | Place    | Note
-------+----------+-------------------------------------------
     0 | D:1      | Malachi the Oni Berserker began the quest for the Orb.
     0 | D:1      | Reached XP level 1. HP: 24/24 MP: 1/1
   120 | D:1      | Reached XP level 2. HP: 29/32 MP: 2/2
   468 | D:1      | Found a faded altar of an unknown god.
   472 | D:1      | Reached XP level 3. HP: 40/40 MP: 3/3
   766 | D:2      | Reached ** piety under Trog
  1614 | D:3      | Reached skill level 5 in Fighting
  1614 | D:3      | Reached XP level 4. HP: 50/50 MP: 4/4
  1618 | D:3      | Identified the ring of the Sky {rC- rCorr Str+3 Int+6 Dex-3
                  | SInv}
  1874 | D:3      | HP: 1/50 [poisoned by an orc wizard]
  1875 | D:3      | Reached XP level 5. HP: 1/57 MP: 5/5
  1875 | D:3      | Succumbed to an orc wizard's poison

Illustrated notes

Levels and vault maps discovered:
D:1:      dpeg_arrival_central, layout_basic,
          hellmonk_ecumenical_altar_arch_garden, chequers_serial_rivers_micro_b
D:2:      layout_basic
D:3:      layout_loops_corners, uniq_grinder

Skill      XL: |  1  2  3 |
---------------+----------+-----
Dodging        | 3 |  3.5
Fighting       | 5 |  5.4
Maces & Flails | |  3.9

Action                     |  1- 3 |  4- 6 || total
---------------------------+-------+-------++-------
  Melee: Mace              |    12 |       ||    12
         Headbutt          |     7 |     5 ||    12
         Spear             |    71 |    18 ||    89
         Flail             |       |     9 ||     9
         Punch             |       |     2 ||     2
    Use: Potion            |       |     2 ||     2
   Stab: Sleeping          |       |     1 ||     1
 Armour: Animal skin       |    38 |    15 ||    53
  Dodge: Dodged            |    35 |    17 ||    52

Table legend: (Time is in decaauts)
 A = Elapsed time spent in this place.
 B = Non-inter-level travel time spent in this place.
 C = Inter-level travel time spent in this place.
 D = Time resting spent in this place.
 E = Time spent auto-exploring this place.
 F = Levels seen in this place.
 G = Mean time per level.
                   A        B        C        D        E       F      G
               +--------+--------+--------+--------+--------+-----+--------+
         Total |   1886 |   1784 |    102 |      0 |   1464 |   3 |  628.7 |
       Dungeon |   1886 |   1784 |    102 |      0 |   1464 |   3 |  628.7 |
               +--------+--------+--------+--------+--------+-----+--------+

Top non-repeatable levels by time:
     D:1: 764 daAuts
     D:2: 749 daAuts
     D:3: 372 daAuts
